 Dungeon Crawl Stone Soup version 0.31-a0-339-gda1cbd555d (webtiles) character file.

Game seed: 11448396826417211652

35693 gruber the Eclecticist (level 13, -4/70 HPs)
             Began as a Deep Elf Earth Elementalist on July 20, 2023.
             Was an Elder of Vehumet.
             Slain by a skeletal warrior
             ... wielding a +0 mace
              (8 damage)
             ... on level 13 of the Dungeon on July 21, 2023.
             The game lasted 00:28:22 (16407 turns).

gruber the Eclecticist (DEEE)                      Turns: 16407, Time: 00:28:23

Health: -4/70      AC: 10    Str: 10    XL:     13   Next: 49%
Magic:  0/44       EV: 18    Int: 29    God:    Vehumet [****..]
Gold:   759        SH:  0    Dex: 15    Spells: 33/45 levels left

rFire   . . .        w - +11 quarterstaff of the Tortured God {flame, Str+5 Int+3}
rCold   . . .        (shield currently unavailable)
rNeg    . . .        x - +0 steam dragon scales
rPois   .            s - +0 helmet
rElec   .            B - +0 cloak
rCorr   .            v - +1 pair of gloves
SInv    .            g - +0 pair of boots
Will    +....        m - amulet of guardian spirit
Stlth   ++++         n - ring of wizardry
HPRegen 0.31/turn    N - ring of magical power
MPRegen 0.29/turn

%: guardian spirit, wizardry (x1)
@: about to teleport
A: no striking features
a: Renounce Religion


You were on level 13 of the Dungeon.
You worshipped Vehumet.
Vehumet was greatly pleased with you.
You visited 2 branches of the dungeon, and saw 16 of its levels.

You collected 895 gold pieces.
You spent 136 gold pieces at shops.

Inventory:

Hand Weapons
 w - the +11 quarterstaff of the Tortured God (weapon) {flame, Str+5 Int+3}
   (You found it on level 6 of the Dungeon)

   Str:       It affects your strength (+5).
   Int:       It affects your intelligence (+3).
Missiles
 u - 4 throwing nets
Armour
 g - a +0 pair of boots (worn)
 s - a +0 helmet (worn)
 v - a +1 pair of gloves (worn)
 x - +0 steam dragon scales (worn)
 B - a +0 cloak (worn)
Magical Staves
 M - the staff of the Rescuing Gods {rC+ rN+ Necro}
   (You found it on level 2 of the Lair of Beasts)

   [staff of death]

   Base accuracy: +5 Base damage: 5 Base attack delay: 1.2 This weapon's minimum
   attack delay (0.6) is reached at skill level 12.
   rC:        It protects you from cold.
   rN:        It protects you from negative energy.
   Necro:     It increases the power of your Necromancy spells.
   It falls into the 'Staves' category.
   It is a one-handed weapon.
Jewellery
 m - an amulet of guardian spirit (around neck)
 n - a ring of wizardry (left hand)
 q - a ring of positive energy
 D - a ring of see invisible
 L - an amulet of reflection
 N - a ring of magical power (right hand)
Wands
 z - a wand of flame (5)
 F - a wand of mindburst (6)
 I - a wand of charming (10)
 J - a wand of iceblast (9)
 Q - a wand of polymorph (3)
Scrolls
 a - a scroll of brand weapon {unknown}
 b - 3 scrolls of enchant armour {unknown}
 c - 13 scrolls of identify {unknown}
 h - 7 scrolls of teleportation
 i - 3 scrolls of enchant weapon {unknown}
 k - 2 scrolls of summoning {unknown}
 l - 3 scrolls of acquirement {unknown}
 p - 4 scrolls of immolation {unknown}
 r - 4 scrolls of revelation {unknown}
 t - 2 scrolls of amnesia {unknown}
 y - a scroll of poison {unknown}
 A - 2 scrolls of torment {unknown}
 C - a scroll of vulnerability {unknown}
 E - a scroll of blinking {unknown}
Potions
 d - 3 potions of degeneration {unknown}
 e - 4 potions of haste {unknown}
 f - 3 potions of curing
 j - 3 potions of attraction
 o - 5 potions of brilliance {unknown}
 G - 2 potions of lignification {unknown}
 H - a potion of magic
 K - a potion of berserk rage {unknown}
 O - a potion of ambrosia {unknown}
 P - a potion of enlightenment {unknown}


   Skills:
 - Level 4.1 Fighting
 - Level 11.3 Dodging
 - Level 10.1 Stealth
 * Level 16.5 Spellcasting
 - Level 10.2 Conjurations
 - Level 1.1 Transmutations
 - Level 7.1 Air Magic
 - Level 11.0 Earth Magic


You had 33 spell levels left.
You knew the following spells:

 Your Spells              Type           Power      Damage    Failure   Level
a - Sandblast             Erth           100%       2d20      0%          1
b - Stone Arrow           Conj/Erth      100%       3d13      1%          3
c - Airstrike             Air            30%        2d(5-21)  1%          4
d - Petrify               Tmut/Erth      56%        N/A       1%          4

Your spell library contained the following spells:

 Spells                   Type           Power      Damage    Failure   Level
 Starburst                Conj/Fire      26%        6d8       4%          6
 Kiss of Death            Conj/Necr      100%       2d13      1%          1
 Magic Dart               Conj           100%       1d8       1%          1
 Call Imp                 Summ           46%        N/A       1%          2
 Passwall                 Tmut/Erth      46%        N/A       1%          2
 Searing Ray              Conj           100%       2d8       1%          2
 Inner Flame              Hex/Fire       23%        N/A       1%          3
 Mephitic Cloud           Conj/Pois/Air  55%        N/A       1%          3
 Vhi's Electric Charge    Tloc/Air       88%        N/A       1%          3
 Fulminant Prism          Conj/Hex       26%        3d14      1%          4
 Arcjolt                  Conj/Air       32%        1d42      1%          5
 Confusing Touch          Hex            23%        N/A       2%          3
 Yara's Violent Unravell  Hex/Tmut       13%        3d7       4%          5
 Dispel Undead            Necr           23%        3d12      8%          4
 Maxwell's Capacitive Co  Air            30%        ∞         50%         8
 Shatter                  Erth           36%        3d29*     83%         9
 Chain Lightning          Conj/Air       32%        3d43      98%         9
 Enfeeble                 Hex            11%        N/A       99%         7
 Fire Storm               Conj/Fire      26%        8d7       100%        9


Dungeon Overview and Level Annotations

Branches:
Dungeon (14/15)            Temple (0/1) D:7            Lair (2/5) D:8
  Snake (0/4) Lair:2          Orc (0/2) D:10
  Swamp: Lair:2-3    Shoals: Lair:2-3    Vaults: D:13-14

Altars:
Cheibriados
Dithmenos
Elyvilon
Gozag
Kikubaaqudgha
Okawaru
Ru
Vehumet
Xom
Zin

Shops:
D:1 =*   D:5 [   D:6 [   D:8 [

Portals:
Trove: D:10 (give +4 demon blade)

Annotations:
D:5 2 transporters, bmj180's ghost, amateur HOFi


Message History

Unknown command.
As you read the scroll of teleportation, it crumbles to dust.
You feel strangely unstable. The boulder beetle misses you.
Unknown command.
Unknown command.
Unknown command.
The boulder beetle leaps!
Things that are here:
a +0 shortbow; a centaur corpse Your surroundings suddenly seem different. 3 skeletal warriors come into view.
Found a weird jewelled staff.
Found a stone staircase leading up.
Unknown command.
The skeletal warrior hits you with a +0 mace.
* * * LOW HITPOINT WARNING * * *
The skeletal warrior attacks as you move away!
The skeletal warrior completely misses you.
Found a stone staircase leading down.
Found 19 gold pieces.
There is a stone staircase leading up here.
The skeletal warrior barely misses you.
You climb upwards.
There is a stone staircase leading down here.
Casting: Petrify (mildly dangerous; 1% risk of failure)
Confirm with . or Enter, or press ? or * to list all spells.
Aiming: Petrify (mildly dangerous; 1% risk of failure)
Press: ? - help, Shift-Dir - straight line, f - skeletal warrior
Aim: a skeletal warrior, wielding a +0 mace (chance to affect: 12%)
The skeletal warrior resists with almost no effort.
The skeletal warrior closely misses you.
Unknown command.
As you read the scroll of teleportation, it crumbles to dust.
You feel strangely unstable.
The skeletal warrior hits you with a +0 mace.
* * * LOW HITPOINT WARNING * * *
Unknown command.
Unknown command.
The skeletal warrior attacks as you move away!
The skeletal warrior hits you with a +0 mace!!
You die...

#..# #..# #..#
###..#####..#####..######
........................#
........................#
######..#######.........#
#..# #.........# #..#
#.........# #..#
#..z......#
######..#######.@.......#
<<......................#
.....................<..#
#####...................#
#...................#
#...)...............#
#...................#
#####...................#
.........=..............#


You could see a skeletal warrior.

Vanquished Creatures
  Frances (D:13)
  Harold (Lair:1)
  Erolcha (D:9)
  2 centaur warriors (D:14)
  A hydra (D:14)
  6 two-headed ogres
  3 death yaks (Lair:2)
  2 skysharks (Lair:2)
  A wizard (D:14)
  2 deep elf pyromancers
  4 lindwurms (D:9)
  2 cyclopes (D:11)
  An ugly thing (D:12)
  Maurice (D:8)
  2 manticores (D:13)
  A black mamba (Lair:2)
  A gargoyle (D:12)
  2 cane toads
  A rime drake (Lair:1)
  9 komodo dragons
  2 efreet (D:13)
  A rime drake (shapeshifter) (D:13)
  6 trolls
  2 hornets
  4 blink frogs (Lair:1)
  2 wraiths
  29 yaks
  7 wyverns
  A basilisk (Lair:1)
  7 vampire mosquitoes
  3 steam dragons
  3 nagas (Lair:2)
  Menkaure (D:5)
  An acid dragon (D:10)
  4 water moccasins
  3 sky beasts
  2 black bears
  3 orc warriors
  4 ice beasts
  2 ogres
  A wolf (D:8)
  3 centaurs
  2 phantoms
  4 kobold brigands
  A gnoll sergeant (D:13)
  8 bullfrogs
  3 scorpions
  11 wights
  28 killer bees
  3 electric eels
  4 howler monkeys
  2 hounds (D:6)
  A jelly (D:7)
  2 orc priests
  A sleepcap (D:8)
  7 orc wizards
  An iguana (D:5)
  A boggart simulacrum (D:14)
  8 gnolls
  4 adders
  4 white imps
  2 ufetubi (D:6)
  2 worms
  A dart slug (D:1)
  19 orcs
  4 bats
  5 endoplasms
  A giant cockroach (D:1)
  9 goblins
  6 hobgoblins
  5 jackals
  5 quokkas
  6 ball pythons
  5 frilled lizards
  32 kobolds
  4 rats
336 creatures vanquished.

Vanquished Creatures (collateral kills)
  A yak (Lair:1)
1 creature vanquished.

Vanquished Creatures (others)
  A wyvern (Lair:1)
  A yak (Lair:1)
  A basilisk (D:13)
  A bullfrog (D:7)
  A killer bee simulacrum (D:8)
5 creatures vanquished.

Grand Total: 342 creatures vanquished

Notes
Turn   | Place    | Note
-------+----------+-------------------------------------------
     0 | D:1      | gruber the Deep Elf Earth Elementalist began the quest for
                  | the Orb.
     0 | D:1      | Reached XP level 1. HP: 10/10 MP: 6/6
   119 | D:1      | Reached XP level 2. HP: 15/15 MP: 3/8
   314 | D:1      | Found Sube's Jewellery Shop.
   317 | D:1      | Reached XP level 3. HP: 19/19 MP: 2/10
   512 | D:1      | Reached skill level 4 in Spellcasting
   564 | D:1      | Found Dikug's General Store.
   775 | D:2      | Learned a level 3 spell: Stone Arrow
  1008 | D:2      | Found a radiant altar of Vehumet.
  1031 | D:2      | Became a worshipper of Vehumet
  1231 | D:2      | Reached XP level 4. HP: 23/24 MP: 7/12
  2153 | D:3      | Reached skill level 1 in Conjurations
  2266 | D:4      | Noticed a phantom
  2273 | D:4      | Killed a phantom
  2274 | D:4      | Reached skill level 5 in Spellcasting
  2274 | D:4      | Reached skill level 5 in Earth Magic
  2274 | D:4      | Reached XP level 5. HP: 28/28 MP: 3/14
  2848 | D:4      | Noticed an ogre
  2854 | D:4      | Killed an ogre
  2855 | D:4      | Reached XP level 6. HP: 32/32 MP: 8/16
  3055 | D:5      | Entered Level 5 of the Dungeon
  3055 | D:5      | Noticed an ice beast
  3060 | D:4      | Reached skill level 6 in Spellcasting
  3063 | D:4      | Reached * piety under Vehumet
  3063 | D:4      | Offered knowledge of Freeze by Vehumet.
  3274 | D:5      | Killed an ice beast
  3337 | D:5      | Identified the +1 leather armour of the Rose {Str+4 Int+4}
  3352 | D:5      | Reached skill level 7 in Spellcasting
  3352 | D:5      | Reached XP level 7. HP: 34/36 MP: 12/19
  3451 | D:5      | Found a transporter.
  3453 | D:5      | Noticed bmj180's ghost (amateur HOFi)
  3454 | D:5      | Found a transporter.
  3595 | D:5      | Noticed Menkaure
  3599 | D:5      | Killed Menkaure
  3600 | D:5      | Reached skill level 8 in Spellcasting
  3635 | D:5      | Found Yrghy's Antique Armour Shop.
  3666 | D:5      | Bought a distressingly furry robe for 136 gold pieces
  3666 | D:5      | Identified the +0 robe of Hepliaklqana, Telling {Rampage
                  | rElec rF++ Dex-5} (You bought it in a shop on level 5 of
                  | the Dungeon)
  4014 | D:6      | Identified the +11 quarterstaff of the Tortured God {flame,
                  | Str+5 Int+3}
  4028 | D:6      | Reached skill level 9 in Spellcasting
  4028 | D:6      | Reached XP level 8. HP: 41/41 MP: 16/23
  4211 | D:6      | Reached skill level 10 in Spellcasting
  4334 | D:6      | Found Migia's Armour Shoppe.
  4398 | D:6      | Reached ** piety under Vehumet
  4482 | D:7      | Offered knowledge of Scorch by Vehumet.
  4528 | D:7      | Reached skill level 11 in Spellcasting
  4528 | D:7      | Reached skill level 5 in Conjurations
  4638 | D:7      | Reached skill level 12 in Spellcasting
  4893 | D:7      | Reached XP level 9. HP: 45/45 MP: 27/27
  4979 | D:7      | Found a staircase to the Ecumenical Temple.
  5503 | D:8      | Noticed Maurice
  5649 | D:8      | Killed Maurice
  5757 | D:8      | Reached skill level 10 in Conjurations
  5797 | D:8      | Offered knowledge of Momentum Strike by Vehumet.
  5956 | D:8      | Reached XP level 10. HP: 50/50 MP: 26/28
  5982 | D:8      | Reached skill level 5 in Dodging
  5985 | D:8      | Reached *** piety under Vehumet
  6513 | D:8      | Found Licau's Armour Shop.
  6629 | D:8      | Offered knowledge of Airstrike by Vehumet.
  6703 | D:8      | Found a staircase to the Lair.
  6709 | D:8      | Learned a level 4 spell: Airstrike
  6982 | D:9      | Noticed Erolcha
  6985 | D:9      | Reached skill level 5 in Stealth
  7375 | D:9      | Noticed a lindwurm
  7379 | D:9      | Noticed a lindwurm
  7381 | D:9      | Killed a lindwurm
  7381 | D:9      | Reached **** piety under Vehumet
  7381 | D:9      | Noticed a lindwurm
  7513 | D:9      | Noticed a lindwurm
  7804 | D:9      | Reached XP level 11. HP: 47/54 MP: 23/29
  7849 | D:9      | Killed Erolcha
  7850 | D:9      | Reached skill level 10 in Stealth
  8023 | D:9      | Reached skill level 1 in Fighting
  8179 | D:9      | Offered knowledge of Volatile Blastmotes by Vehumet.
  8276 | D:9      | Killed a lindwurm
  8281 | D:9      | Killed a lindwurm
  8283 | D:9      | Killed a lindwurm
  8493 | D:10     | Entered Level 10 of the Dungeon
  8648 | D:10     | Found a shimmering altar of Xom.
  8739 | D:10     | Found a snail-covered altar of Cheibriados.
  8740 | D:10     | Found a shadowy altar of Dithmenos.
  8740 | D:10     | Found an opulent altar of Gozag.
  8740 | D:10     | Found a radiant altar of Vehumet.
  8740 | D:10     | Found an ancient bone altar of Kikubaaqudgha.
  8740 | D:10     | Found a sacrificial altar of Ru.
  8741 | D:10     | Found a white marble altar of Elyvilon.
  8744 | D:10     | Found a glowing silver altar of Zin.
  8921 | D:10     | Found a portal to a secret trove of treasure.
  9443 | D:10     | Found a staircase to the Orcish Mines.
 10383 | D:11     | Reached skill level 10 in Earth Magic
 10588 | D:11     | Noticed a two-headed ogre
 10593 | D:11     | Killed a two-headed ogre
 10763 | D:11     | Noticed a two-headed ogre
 10767 | D:11     | Killed a two-headed ogre
 10768 | D:11     | Reached XP level 12. HP: 66/66 MP: 25/30
 11321 | D:11     | Noticed a two-headed ogre
 11327 | D:11     | Killed a two-headed ogre
 11508 | Lair:1   | Entered Level 1 of the Lair of Beasts
 11512 | Lair:1   | Reached skill level 10 in Dodging
 12006 | Lair:1   | Learned a level 4 spell: Petrify
 12219 | Lair:1   | Noticed Harold
 12251 | Lair:1   | Killed Harold
 12274 | Lair:1   | Reached ***** piety under Vehumet
 12275 | Lair:1   | Reached skill level 13 in Spellcasting
 12790 | Lair:2   | Noticed an eight-headed hydra
 12812 | Lair:2   | Offered knowledge of Starburst by Vehumet.
 12875 | Lair:2   | Found a staircase to the Snake Pit.
 12960 | Lair:2   | Identified the staff of the Rescuing Gods {rC+ rN+ Necro}
 12988 | Lair:2   | Reached skill level 14 in Spellcasting
 13188 | Lair:2   | Noticed a death yak
 13205 | Lair:2   | Killed a death yak
 13323 | Lair:2   | Noticed a death yak
 13326 | Lair:2   | Noticed a death yak
 13345 | Lair:2   | Killed a death yak
 13346 | Lair:2   | Reached skill level 15 in Spellcasting
 13372 | Lair:2   | Killed a death yak
 14014 | D:12     | Noticed a two-headed ogre
 14027 | D:12     | Killed a two-headed ogre
 14028 | D:12     | Reached skill level 16 in Spellcasting
 14028 | D:12     | Reached XP level 13. HP: 70/70 MP: 23/35
 14138 | D:12     | Reached skill level 1 in Air Magic
 14881 | D:13     | Noticed Frances
 14890 | D:13     | Killed Frances
 15146 | D:13     | Reached skill level 5 in Air Magic
 15541 | D:13     | Found an iron altar of Okawaru.
 16387 | D:14     | HP: 3/70 [centaur warrior (10)]
 16390 | D:14     | HP: 1/70 [centaur warrior (5)]
 16398 | D:14     | HP: 3/70 [skeletal warrior/+0 mace (1)]
 16407 | D:13     | Slain by a skeletal warrior

Illustrated notes

Levels and vault maps discovered:
D:1:      dreamdust_arrival_sigmund_warning, layout_rooms, serial_shops, shop,
          nicolae_shop_behind_doors
D:2:      layout_loops_ring, basic_altar, minmay_misc_feat_room
D:3:      kennysheep_six_static_rooms, layout_loops_ring,
          chequers_serial_rivers_small_a, corner_web_ring
D:4:      layout_loops_ring
D:5:      layout_rooms, gammafunk_ghost_mausoleum, serial_shops, shop,
          uniq_menkaure
D:6:      layout_rooms, serial_shops, shop, dreamdust_gnoll_farm
D:7:      layout_basic, lemuel_temple_firewalk_a
D:8:      layout_rooms, grunt_lair_entry_orc_guard_hut, serial_shops,
          nicolae_shop_stone, serial_ice, serial_ice_h, serial_ice_b,
          serial_ice_c, serial_ice_a, serial_ice_f, serial_ice_l, serial_ice_e,
          columned_hall_lemuel, uniq_maurice
D:9:      layout_roguey, nicolae_water_bricks, grunt_decor_cap,
          minmay_lindwurm_lava, uniq_erolcha
D:10:     layout_cave_pools, minitemple, orc_0_dummy, enter_trove_2,
          serial_bayou, serial_bayou_lagoon_a, serial_bayou_crossing,
          serial_bayou_pond_c, serial_bayou_pond_a, serial_bayou_pond_e,
          serial_bayou_pond_c
D:11:     layout_loops_corners
D:12:     layout_long_grid
D:13:     layout_small_grid, okawaru_ov_weapons_minmay, uniq_frances
D:14:     layout_long_grid, david_vaults_1, solitary_fountain
Lair:1:   layout_roguey, grunt_megastairs_1, infiniplex_staircase_pool_2,
          uniq_harold
Lair:2:   beargit_carnivore_pack, layout_cave_pods, palyth_hydra_swamp_entry,
          guppyfry_snake_entry_island, nicolae_quartered_pool_little,
          beast_lair_carwin_1, grunt_megastairs_3, infiniplex_staircase_pool,
          lemuel_fruit_tree

Skill      XL: |  1  2  3  4  5  6  7  8  9 10 11 12 13 |
---------------+----------------------------------------+-----
Earth Magic    | 4 5 6 11 | 11.0
Spellcasting   | 4 5 7 9 12 16 | 16.5
Conjurations   | 1 2 3 4 6 10 | 10.2
Stealth        | 3 9 10 | 10.1
Dodging        | 4 8 11 | 11.3
Fighting       | 4 |  4.1
Air Magic      | 7 |  7.1
Transmutations | |  1.1

Action                     |  1- 3 |  4- 6 |  7- 9 | 10-12 | 13-15 || total
---------------------------+-------+-------+-------+-------+-------++-------
  Melee: Dagger            |       |       |       |     1 |       ||     1
         Quarterstaff      |       |       |       |       |     7 ||     7
   Cast: Sandblast         |    54 |    52 |   105 |   118 |       ||   329
         Stone Arrow       |       |     4 |    30 |   255 |    89 ||   378
         Petrify           |       |       |       |     1 |     8 ||     9
         Airstrike         |       |       |       |       |     3 ||     3
  Evoke: Wand              |       |       |       |     5 |     3 ||     8
    Use: Potion            |       |       |     1 |     2 |     2 ||     5
         Scroll            |       |       |       |     1 |     2 ||     3
   Stab: Petrified         |       |       |       |       |     5 ||     5
         Petrifying        |       |       |       |       |     1 ||     1
 Armour: Robe              |     3 |     7 |     5 |       |       ||    15
         Steam dragon scal |       |       |    21 |    39 |    21 ||    81
  Dodge: Dodged            |     6 |    11 |    53 |   165 |    57 ||   292

Table legend: (Time is in decaauts)
 A = Elapsed time spent in this place.
 B = Non-inter-level travel time spent in this place.
 C = Inter-level travel time spent in this place.
 D = Time resting spent in this place.
 E = Time spent auto-exploring this place.
 F = Levels seen in this place.
 G = Mean time per level.
                   A        B        C        D        E       F      G
               +--------+--------+--------+--------+--------+-----+--------+
         Total |  16628 |  16032 |    596 |    760 |  13025 |  16 | 1039.2 |
       Dungeon |  14532 |  14011 |    521 |    633 |  11482 |  14 | 1038.0 |
          Lair |   2096 |   2022 |     74 |    127 |   1542 |   2 | 1048.0 |
               +--------+--------+--------+--------+--------+-----+--------+

Top non-repeatable levels by time:
    D:10: 1708 daAuts
     D:9: 1645 daAuts
     D:8: 1611 daAuts
  Lair:1: 1327 daAuts
    D:11: 1236 daAuts
     D:7: 1160 daAuts
    D:12: 1089 daAuts
    D:13: 1009 daAuts
     D:4: 956 daAuts
     D:1: 777 daAuts
  Lair:2: 768 daAuts
     D:3: 751 daAuts
     D:2: 751 daAuts
     D:6: 699 daAuts
     D:5: 612 daAuts
